 Dungeon Crawl Stone Soup version 0.21.1-1-g345015f (webtiles) character file.

5803 zishaf the Fighter (level 10, -6/102 HPs)
             Began as a Gargoyle Berserker on May 10, 2018.
             Was an Elder of Trog.
             Shot with an arrow by a centaur (7 damage)
             ... on level 9 of the Dungeon.
             The game lasted 00:26:15 (8380 turns).

zishaf the Fighter (Gargoyle Berserker)             Turns: 8380, Time: 00:26:16

Health: -6/102     AC: 21    Str: 29    XL:     10   Next: 79%
Magic:  10/10      EV: 11    Int:  8    God:    Trog [****..]
Gold:   383        SH:  0    Dex: 15    Spells: 9/9 levels left

rFire    . . .     SeeInvis .   A - +0 mace (crush)
rCold    . . .     Gourm    .   (no shield)
rNeg     + . .     Faith    .   g - +0 scale mail
rPois    ∞         Spirit   .   y - +0 helmet
rElec    +         Reflect  .   (no cloak)
rCorr    .         Harm     .   (no gloves)
MR       +....                  h - +2 pair of boots
Stlth    ..........             r - amulet of magic regeneration
HPRegen  0.27/turn              w - +6 ring of dexterity
MPRegen  0.37/turn              s - ring of protection from magic

@: berserking, very quick
A: negative energy resistance 1, electricity resistance, unbreathing,
petrification resistance, rot immunity, AC +7
a: Berserk, Trog's Hand, Brothers in Arms, Burn Spellbooks, Renounce Religion


You were on level 9 of the Dungeon.
You worshipped Trog.
Trog was greatly pleased with you.
You were hungry.

You visited 1 branch of the dungeon, and saw 9 of its levels.

You collected 383 gold pieces.

Inventory:

Hand Weapons
 A - a +0 mace of crushing (weapon)
Armour
 g - a +0 scale mail (worn)
 h - a +2 pair of boots (worn)
 y - a +0 helmet (worn)
Jewellery
 l - an uncursed ring of stealth
 r - an amulet of magic regeneration (around neck)
 s - a ring of protection from magic (right hand)
 w - a +6 ring of dexterity (left hand)
 G - a +6 ring of dexterity
Wands
 q - a wand of enslavement (6)
 x - a wand of random effects (61)
 B - a wand of iceblast (8)
Scrolls
 b - a scroll of blinking
 d - a scroll of immolation {unknown}
 e - 3 scrolls of identify
 i - 3 scrolls of remove curse
 k - 3 scrolls of silence {unknown}
 m - a scroll of enchant weapon {unknown}
 n - 3 scrolls of enchant armour
 o - a scroll of vulnerability {unknown}
 p - a scroll of teleportation
 t - a scroll of amnesia {unknown}
 z - a scroll of magic mapping
 H - a scroll of random uselessness {unknown}
Potions
 a - a potion of haste {unknown}
 f - 2 potions of heal wounds
 j - 4 potions of curing
 u - a potion of agility {unknown}
 v - a potion of might {unknown}
 C - a potion of mutation {unknown}
 D - 2 potions of lignification {unknown}
 E - a potion of resistance {unknown}
 F - a potion of ambrosia {unknown}
Comestibles
 c - 18 rations


   Skills:
 + Level 10.8 Fighting
 - Level 9.0 Maces & Flails
 + Level 10.5 Armour
 - Level 1.5 Dodging
 - Level 1.0 Stealth


You had 9 spell levels left.
You didn't know any spells.

Dungeon Overview and Level Annotations

Branches:
Dungeon (9/15)             Temple (0/1) D:4            Lair (0/6) D:8
    Orc: D:9-12

Altars:
Cheibriados
Okawaru

Shops:
D:4 %


Innate Abilities, Weirdness & Mutations

You are resistant to torment.
Your stone body is resilient. (AC +7)
You are immune to poison.
You resist negative energy. (rN+)
You are resistant to electric shocks. (rElec)
You can survive without breathing.
You are immune to petrification.
You are immune to rotting.


Message History

The bullfrog barely misses you.
You thump the very large slime creature!
The very large slime creature is moderately wounded.
The centaur shoots an arrow.
The arrow hits you.
The bullfrog hits you but does no damage.
You barely miss the very large slime creature.
The very large slime creature is moderately wounded.
The very large slime creature hits you!!
* * * LOW HITPOINT WARNING * * *
The bullfrog closely misses you.
Unknown command.
You are too berserk!
You are too berserk!
The centaur shoots an arrow.
The arrow barely misses you.
You see here a hippogriff corpse.
You feel a strong urge to attack something.
A crimson imp comes into view.
The crimson imp shouts!
The centaur shoots an arrow.
The arrow hits you!
You die...

##################
.......@†JF5.....#
#####...##†......#
....c......>....#..
..#......Y#.........
#.......#......#.
#.....5...######
#####.......##
#.........###
########.##.......#


You could see a very large slime creature, a sky beast, a bullfrog, a centaur, a
crimson imp and a shadow imp.

Vanquished Creatures
  2 two-headed ogres
  The ghost of RegularSin the Caller, a novice BaSu of Yredelemnul (D:5)
  A troll (D:9)
  2 hippogriffs
  Grinder (D:6)
  The ghost of oholoko the Bolt Thrower, an amateur KoHu (D:3)
  Eustachio (D:6)
  A spriggan (D:7)
  Grum (D:8)
  A hungry ghost (D:7)
  2 water moccasins
  Duvessa (D:6)
  2 ice beasts
  2 sky beasts
  A hornet zombie (D:8)
  2 phantoms
  5 ogres
  A centaur (D:6)
  2 wolves (D:8)
  2 bullfrogs (D:9)
  Dowan (D:6)
  2 scorpions
  A howler monkey (D:9)
  4 crimson imps
  A jelly (D:6)
  A quasit (D:7)
  An orc priest (D:8)
  2 hounds
  A centaur skeleton (D:7)
  Crazy Yiuf (D:2)
  Jessica (D:3)
  7 orc wizards
  4 worker ants
  A killer bee zombie (D:6)
  7 adders
  A gnoll (D:1)
  2 shadow imps
  2 adder zombies
  4 adder skeletons
  A worm (D:2)
  3 dart slugs
  5 leopard geckos
  14 orcs
  8 giant cockroaches
  10 goblins
  7 hobgoblins
  8 jackals
  6 kobolds
  2 quokkas
  2 ball pythons (D:2)
  9 bats
  8 frilled lizards
  A jackal zombie (D:5)
  A leopard gecko zombie (D:5)
  10 rats
171 creatures vanquished.

Notes
Turn   | Place    | Note
-------+----------+-------------------------------------------
     0 | D:1      | zishaf the Gargoyle Berserker began the quest for the Orb.
     0 | D:1      | Reached XP level 1. HP: 14/14 MP: 1/1
   219 | D:1      | Reached XP level 2. HP: 19/19 MP: 2/2
   421 | D:1      | Reached XP level 3. HP: 19/23 MP: 3/3
   443 | D:1      | Reached ** piety under Trog
  1111 | D:2      | Reached XP level 4. HP: 28/28 MP: 4/4
  1170 | D:2      | Reached skill level 5 in Maces & Flails
  1314 | D:2      | Reached skill level 1 in Stealth
  1829 | D:2      | Found a runed door.
  2072 | D:2      | Noticed Crazy Yiuf
  2080 | D:2      | Killed Crazy Yiuf
  2080 | D:2      | Reached XP level 5. HP: 2/32 MP: 5/5
  2693 | D:3      | Noticed oholoko's ghost (amateur KoHu)
  2705 | D:3      | Killed oholoko's ghost
  2705 | D:3      | Reached XP level 6. HP: 39/39 MP: 6/6
  2927 | D:3      | Noticed Jessica
  2936 | D:3      | Killed Jessica
  3402 | D:4      | Reached XP level 7. HP: 43/44 MP: 7/7
  3425 | D:4      | Found Furixzin's Food Shoppe.
  3492 | D:4      | Found a staircase to the Ecumenical Temple.
  3538 | D:4      | Found an iron altar of Okawaru.
  3603 | D:4      | Reached skill level 5 in Fighting
  3886 | D:5      | Entered Level 5 of the Dungeon
  4061 | D:5      | Reached skill level 5 in Armour
  4082 | D:5      | Noticed RegularSin's ghost (novice BaSu)
  4093 | D:5      | Killed RegularSin's ghost
  4093 | D:5      | Reached XP level 8. HP: 48/51 MP: 8/8
  4236 | D:5      | Reached *** piety under Trog
  5036 | D:6      | Noticed Grinder
  5037 | D:6      | Paralysed by Grinder for 6 turns
  5049 | D:6      | Killed Grinder
  5049 | D:6      | Reached XP level 9. HP: 57/57 MP: 9/9
  5455 | D:6      | Noticed Duvessa
  5455 | D:6      | Noticed Dowan
  5461 | D:6      | Killed Duvessa
  5471 | D:6      | Killed Dowan
  5657 | D:6      | Noticed Eustachio
  5677 | D:6      | Killed Eustachio
  5989 | D:7      | Reached **** piety under Trog
  6671 | D:8      | Noticed Grum
  6687 | D:8      | Killed Grum
  6875 | D:8      | Reached XP level 10. HP: 58/66 MP: 10/10
  6912 | D:8      | Noticed a two-headed ogre
  6930 | D:8      | Killed a two-headed ogre
  7753 | D:8      | Found a staircase to the Lair.
  7832 | D:8      | Reached skill level 10 in Fighting
  7976 | D:9      | Noticed a two-headed ogre
  7987 | D:9      | Killed a two-headed ogre
  7987 | D:9      | Reached skill level 10 in Armour
  8080 | D:9      | Found a snail-covered altar of Cheibriados.
  8378 | D:9      | HP: 1/102 [very large slime creature (33)]
  8380 | D:9      | Shot with an arrow by a centaur

Skill      XL: |  1  2  3  4  5  6  7  8  9 10 |
---------------+-------------------------------+-----
Maces & Flails | 4 5 6 7 8 9 |  9.0
Stealth        | 1 |  1.0
Fighting       | 4 6 7 9 10 | 10.8
Armour         | 3 4 5 6 8 10 | 10.5
Dodging        | |  1.5

Action                   |  1- 3 |  4- 6 |  7- 9 | 10-12 || total
-------------------------+-------+-------+-------+-------++-------
Melee: Mace              |   102 |   204 |   325 |   212 ||   843
Invok: Berserk           |       |     2 |    10 |     3 ||    15
       Trog's Hand       |       |     1 |       |       ||     1
       Burn Spellbooks   |       |       |     1 |       ||     1
  Use: Scroll            |       |       |     7 |     1 ||     8
       Potion            |       |       |     1 |       ||     1
 Stab: Sleeping          |     1 |       |       |       ||     1
  Eat: Chunk             |     1 |     6 |    15 |     7 ||    29
       Ration            |       |     1 |     2 |       ||     3
Armor: Animal skin       |    16 |       |       |       ||    16
       Scale mail        |    14 |   146 |   184 |   143 ||   487
Dodge: Dodged            |    65 |   114 |   180 |   136 ||   495
